 Dungeon Crawl Stone Soup version 0.30-a0-1018-g25214051b3 (webtiles) character file.

Game seed: 1840293916941738495

952 Zeldest the Slasher (level 7, -1/61 HPs)
             Began as a White Draconian Gladiator on Apr 8, 2023.
             Slain by a killer bee (6 damage)
             ... on level 6 of the Dungeon.
             The game lasted 00:04:41 (3780 turns).

Zeldest the Slasher (White Draconian Gladiator)     Turns: 3780, Time: 00:04:42

Health: -1/61      AC:  8    Str: 13 (16) XL:     7   Next: 90%
Magic:  16/16      EV: 12    Int: 11 (12) God:
Gold:   280        SH:  4    Dex:  7 (10) Spells: 6/6 levels left

rFire   + . .      SeeInvis .    B - +8 falchion "Cautrum" {drain, rF+ rC+ Int+3 Dex-4}
rCold   + + .      Faith    .    i - +2 buckler
rNeg    . . .      Spirit   .    (body armour unavailable)
rPois   .          Reflect  .    b - +0 hat
rElec   .          Rampage  .    f - +0 cloak
rCorr   .                        (no gloves)
Will    .....                    e - +0 pair of boots
Stlth   +                        y - amulet of magic regeneration
HPRegen 0.30/turn                m - ring of magical power
MPRegen 0.55/turn                t - ring of flight

@: mighty, lethally poisoned (-1 -> -4), short of breath, flying
A: breathe frost, AC +6, unfitting armour, cold resistance 1, cold-blooded,
antennae 1, no potion heal 1
a: Breathe Frost


You were on level 6 of the Dungeon.
You visited 1 branch of the dungeon, and saw 6 of its levels.

You collected 280 gold pieces.

Inventory:

Hand Weapons
 B - the +8 falchion "Cautrum" (weapon) {drain, rF+ rC+ Int+3 Dex-4}
   (You found it on level 4 of the Dungeon)

   Int:       It affects your intelligence (+3).
   Dex:       It affects your dexterity (-4).
   rF:        It protects you from fire.
   rC:        It protects you from cold.
Missiles
 c - 3 throwing nets
 d - a javelin
 k - 2 curare-tipped darts
Armour
 b - a +0 hat (worn)
 e - a +0 pair of boots (worn)
 f - a +0 cloak (worn)
 i - a +2 buckler (worn)
Jewellery
 m - a ring of magical power (left hand)
 n - a ring of willpower
 t - a ring of flight (right hand)
 y - an amulet of magic regeneration (around neck)
 C - an amulet of the acrobat
Wands
 a - a wand of flame (22)
 p - a wand of light (10)
Scrolls
 g - 3 scrolls of identify {unknown}
 h - 2 scrolls of teleportation {unknown}
 l - a scroll of enchant weapon {unknown}
 q - 2 scrolls of fog {unknown}
 u - 2 scrolls of noise {unknown}
 x - a scroll of butterflies {unknown}
 A - a scroll of immolation {unknown}
Potions
 o - a potion of flight
 v - a potion of might


   Skills:
 + Level 5.3 Fighting
 * Level 7.1 Long Blades
 - Level 1.7 Throwing
 + Level 4.9 Dodging


You had 6 spell levels left.
You didn't know any spells.
Your spell library contained the following spells:

 Spells                   Type           Power      Damage    Failure   Level
 Apportation              Tloc           0%         N/A       43%         1
 Kiss of Death            Conj/Necr      0%         2d5       43%         1
 Static Discharge         Conj/Air       0%         2-2/arc   58%         2
 Call Canine Familiar     Summ           0%         N/A       82%         3
 Confusing Touch          Hex            0%         N/A       82%         3
 Ozocubu's Armour         Ice            0%         N/A       82%         3
 Portal Projectile        Hex/Tloc       0%         N/A       82%         3
 Tukima's Dance           Hex            0%         N/A       82%         3
 Airstrike                Air            0%         2d(0-16)  99%         4
 Animate Dead             Necr           0%         N/A       99%         4
 Dispel Undead            Necr           0%         3d6       99%         4
 Leda's Liquefaction      Hex/Erth       0%         N/A       99%         4
 Summon Lightning Spire   Summ/Air       0%         N/A       99%         4
 Alistair's Intoxication  Tmut/Pois      0%         N/A       100%        5
 Blade Hands              Tmut           0%         N/A       100%        5
 Irradiate                Conj/Tmut      0%         3d11      100%        5
 Dragon Form              Tmut           0%         N/A       100%        7
 Haunt                    Necr/Summ      0%         N/A       100%        7
 Ozocubu's Refrigeration  Ice            0%         4d7       100%        7
 Infestation              Necr           0%         N/A       100%        8


Dungeon Overview and Level Annotations

Branches:
Dungeon (6/15) Zot: 26703
 Temple: D:4-7

Altars:
Gozag
Nemelex Xobeh
Wu Jian
The Shining One

Shops:
D:3 [(

Annotations:
D:6 Dowan, Duvessa


Innate Abilities, Weirdness & Mutations

You can breathe waves of freezing cold which knock back foes.
Your icy white scales are hard. (AC +6)
You cannot fit into any form of body armour.
Your flesh is cold resistant. (rC+)
You are cold-blooded and may be slowed by cold attacks.
You have a pair of small antennae on your head.
Potions are less effective at restoring your health.


Message History

You block the killer bee's attack. The killer bee barely misses you.
The killer bee stings you but does no damage.
It was a potion of degeneration.
There was something very wrong with that liquid.
You feel weakened.
You feel dopey.
You feel clumsy.
You feel sick. The killer bee barely misses you.
The killer bee stings you but does no damage.
The killer bee stings you!
* * * LOW HITPOINT WARNING * * *
The killer bee stings you but does no damage.
Aiming: Breathe Frost (5% risk of failure)
Press: ? - help, Shift-Dir - straight line, f - Dowan, p - killer bee
Aim: Dowan, wielding a +0 dagger and wearing a +0 robe (56% to hit)
You exhale a wave of freezing cold.
The freezing breath hits the killer bee!
The killer bee is almost dead.
The killer bee is knocked back by the freezing wind.
The killer bee collides with the killer bee!
You kill the killer bee!
The killer bee is almost dead.
The freezing breath hits the ogre!
The ogre is severely wounded.
The ogre is knocked back by the freezing wind.
The ogre collides with the killer bee!
The killer bee is lightly wounded.
The ogre is almost dead.
The freezing breath hits the killer bee!
The killer bee is severely wounded.
The killer bee is knocked back by the freezing wind.
The killer bee collides with Dowan!
Dowan is lightly wounded.
The killer bee is severely wounded.
The freezing breath misses Dowan.
You feel sick.
The killer bee stings you but does no damage.
The killer bee closely misses you. You block the killer bee's attack.
The air fills with toxic fumes!
As you read the scroll labelled BAHUOL YSOG, it crumbles to dust.
It was a scroll of poison.
You feel sick. The killer bee completely misses you. The killer bee stings you.
You die...

.######......##.####
.[......####..§§.#
....... #.#§#.#
....... #.§...#
.......## #§#####
...§....####§#
...§§§†.##§§.#
...§§§ly##y###
...§§§sOyy@#
...§§§e##### ...####
.. .


You could see an ogre, Dowan, a scorpion, an iguana and 4 killer bees.

Vanquished Creatures
  An ice beast (D:6)
  A centaur (D:5)
  2 scorpions (D:5)
  2 killer bees (D:6)
  2 jellies (D:5)
  A gnoll bouda (D:6)
  3 hounds
  An orc priest (D:3)
  Natasha (thrice) (D:4)
  3 iguanas (D:5)
  4 gnolls
  8 adders
  2 white imps (D:5)
  2 ufetubi (D:5)
  2 worms (D:2)
  3 dart slugs
  4 orcs
  8 endoplasms
  2 giant cockroaches
  10 goblins
  7 hobgoblins
  A quokka (D:1)
  5 ball pythons
  10 bats
  A frilled lizard (D:3)
  9 kobolds
  7 rats
104 creatures vanquished.

Notes
Turn   | Place    | Note
-------+----------+-------------------------------------------
     0 | D:1      | Zeldest the Draconian Gladiator began the quest for the
                  | Orb.
     0 | D:1      | Reached XP level 1. HP: 17/17 MP: 1/1
   219 | D:1      | Reached XP level 2. HP: 25/25 MP: 2/2
  1046 | D:2      | Reached XP level 3. HP: 30/30 MP: 3/3
  1126 | D:2      | Identified the +3 chain mail of the Damp God {rF- rN+++
                  | Str+5 Dex+3}
  1255 | D:2      | Reached skill level 4 in Long Blades
  1295 | D:2      | Identified the +0 dagger of Betepn {elec, rElec Int+3
                  | Dex+3}
  1416 | D:2      | Reached XP level 4. HP: 38/38 MP: 4/4
  1567 | D:3      | Found Qocoischoodu's Armour Shoppe.
  1586 | D:3      | Found an ornate altar of the Wu Jian Council.
  1879 | D:3      | Found Jeqo's Antique Weapon Shoppe.
  1967 | D:3      | Found a faded altar of an unknown god.
  2190 | D:4      | Reached XP level 5. HP: 45/45 MP: 5/5
  2459 | D:4      | Found a glowing golden altar of the Shining One.
  2500 | D:4      | Noticed Natasha
  2510 | D:4      | Killed Natasha
  2536 | D:4      | Identified the +8 falchion "Cautrum" {drain, rF+ rC+ Int+3
                  | Dex-4}
  2618 | D:4      | Found a sparkling altar of Nemelex Xobeh.
  2619 | D:4      | Found an opulent altar of Gozag.
  2619 | D:4      | Noticed Natasha
  2625 | D:4      | Killed Natasha
  2626 | D:4      | Reached skill level 5 in Long Blades
  2631 | D:4      | Noticed Natasha
  2635 | D:4      | Killed Natasha
  2750 | D:5      | Entered Level 5 of the Dungeon
  2824 | D:5      | Noticed a centaur
  2831 | D:5      | Killed a centaur
  2832 | D:5      | Reached XP level 6. HP: 36/52 MP: 6/6
  2965 | D:5      | Reached skill level 6 in Long Blades
  2997 | D:5      | Your scales start taking on an icy white colour.
  2997 | D:5      | Reached XP level 7. HP: 56/60 MP: 7/7
  2997 | D:5      | Gained mutation: Your flesh is cold resistant. (rC+) [White
                  | Draconian growth]
  3522 | D:6      | Reached skill level 5 in Fighting
  3762 | D:6      | Noticed Duvessa
  3763 | D:6      | Noticed Dowan
  3766 | D:6      | Reached skill level 7 in Long Blades
  3766 | D:6      | Gained mutation: Potions are less effective at restoring
                  | your health. [potion of mutation]
  3766 | D:6      | Gained mutation: You have a pair of small antennae on your
                  | head. [potion of mutation]
  3780 | D:6      | Slain by a killer bee

Illustrated notes

Levels and vault maps discovered:
D:1:      minmay_arrival_pointy, layout_basic, serial_forest,
          infiniplex_forest_clump_small, infiniplex_forest_lined_room_2,
          infiniplex_forest_lined_corner, infiniplex_forest_clump_small,
          infiniplex_forest_join, infiniplex_forest_clump_medium,
          infiniplex_forest_lined_2, infiniplex_forest_clump_double,
          infiniplex_forest_straight_2, infiniplex_forest_end_2
D:2:      layout_rooms
D:3:      layout_rooms, old_standard_altar, dilly_ecumenical_altar_fadedgnrine,
          serial_shops, shop, nicolae_shop_trees, st_stairs_9
D:4:      layout_rooms, grunt_temple_overflow_opulence, lemuel_round_altar,
          palyth_stone_intersect, grunt_ministairs_5, uniq_natasha
D:5:      cheibrodos_quashed, layout_gridville, st_stairs_2
D:6:      layout_basic, serial_shops, nicolae_diamond_shop,
          cheibrodos_sewer_entry_bend, due_unseen_surprise, uniq_grinder,
          uniq_duvessa

Skill      XL: |  1  2  3  4  5  6  7 |
---------------+----------------------+-----
Dodging        | 3 4 |  4.9
Long Blades    | 4 5 6 7 |  7.1
Fighting       | 3 4 5 |  5.3
Throwing       | |  1.7

Action                     |  1- 3 |  4- 6 |  7- 9 || total
---------------------------+-------+-------+-------++-------
  Melee: Long sword        |    88 |       |       ||    88
         Tailslap          |     7 |    16 |     1 ||    24
         Punch             |     1 |       |       ||     1
         Dagger            |     3 |   102 |       ||   105
         Falchion          |       |    46 |    39 ||    85
  Throw: Throwing net      |       |       |     1 ||     1
Ability: Breathe Frost     |       |       |     2 ||     2
    Use: Potion            |       |       |     7 ||     7
         Scroll            |       |       |     1 ||     1
   Stab: Sleeping          |     2 |     3 |       ||     5
 Armour: Skin              |    26 |    48 |    25 ||    99
  Dodge: Dodged            |    51 |    87 |    58 ||   196
  Block: Buckler           |    15 |    41 |    22 ||    78

Table legend: (Time is in decaauts)
 A = Elapsed time spent in this place.
 B = Non-inter-level travel time spent in this place.
 C = Inter-level travel time spent in this place.
 D = Time resting spent in this place.
 E = Time spent auto-exploring this place.
 F = Levels seen in this place.
 G = Mean time per level.
                   A        B        C        D        E       F      G
               +--------+--------+--------+--------+--------+-----+--------+
         Total |   3801 |   3646 |    155 |    350 |   2516 |   6 |  633.5 |
       Dungeon |   3801 |   3646 |    155 |    350 |   2516 |   6 |  633.5 |
               +--------+--------+--------+--------+--------+-----+--------+

Top non-repeatable levels by time:
     D:1: 1054 daAuts
     D:5: 754 daAuts
     D:3: 616 daAuts
     D:4: 560 daAuts
     D:2: 538 daAuts
     D:6: 278 daAuts
